 Seeded DCSS version 0.27-a0-1256-gced786f (webtiles) character file.

Game seed: 3375557939289291370 (custom seed)

1465 AmazingTV the Covert (level 8, -6/39 HPs)
             Began as a Spriggan Abyssal Knight on June 10, 2021.
             Was a Priest of Lugonu.
             Killed by divine providence
             ... invoked by an orc priest
              (16 damage)
             ... on level 8 of the Dungeon.
             The game lasted 00:16:01 (6088 turns).

AmazingTV the Covert (Spriggan Abyssal Knight)      Turns: 6088, Time: 00:16:01

Health: -6/39      AC:  2    Str:  9    XL:     8   Next: 48%
Magic:  10/10      EV: 20    Int: 14    God:    Lugonu [***...]
Gold:   247        SH:  0    Dex: 15    Spells: 7/7 levels left

rFire    . . .     SeeInvis +   a - +1 dagger (distort)
rCold    . . .     Faith    .   (shield restricted)
rNeg     . . .     Spirit   .   b - +0 robe
rPois    .         Reflect  .   (helmet restricted)
rElec    .         Harm     .   (no cloak)
rCorr    .         Rampage  .   (gloves unavailable)
Will     +....                  (boots unavailable)
Stlth    ++++......             f - amulet of the acrobat
HPRegen  0.13/turn              (no ring)
MPRegen  0.12/turn              (no ring)

@: very quick
A: very small, no large weapons, unfitting armour, see invisible, speed 3
a: Renounce Religion, Depart the Abyss, Bend Space, Banish


You were on level 8 of the Dungeon.
You worshipped Lugonu.
Lugonu was most pleased with you.
You visited 1 branch of the dungeon, and saw 6 of its levels.
You visited the Abyss 1 time.

You collected 247 gold pieces.

Inventory:

Hand Weapons
 a - a +1 dagger of distortion (weapon)
 c - a +1 hand axe
Missiles
 h - 57 sling bullets
Armour
 b - a +0 robe (worn)
Jewellery
 f - an amulet of the acrobat (around neck)
 g - a ring of fire
 p - a ring of ice
Scrolls
 d - a scroll of fog {unknown}
 e - 9 scrolls of identify {unknown}
 i - a scroll of noise {unknown}
 j - 2 scrolls of immolation {unknown}
 k - a scroll of blinking {unknown}
 l - a scroll of holy word {unknown}
 m - a scroll of enchant armour {unknown}
 n - a scroll of vulnerability {unknown}
 o - a scroll of amnesia {unknown}
 r - 2 scrolls of teleportation {unknown}
Potions
 q - a potion of curing {unknown}
 s - a potion of berserk rage {unknown}


   Skills:
 - Level 2.5 Fighting
 * Level 7.0 Short Blades
 - Level 1.6 Axes
 + Level 6.8 Dodging
 * Level 10.1 Stealth
 + Level 2.3 Invocations


You had 7 spell levels left.
You didn't know any spells.
Your spell library contained the following spells:

 Spells                   Type           Power      Damage    Failure   Level
 Magic Dart               Conj           0%         1d3       28%         1
 Lightning Bolt           Conj/Air       0%         1d11      100%        5
 Orb of Destruction       Conj           0%         N/A       100%        7
 Summon Hydra             Summ           0%         N/A       100%        7


Dungeon Overview and Level Annotations

Branches:
Dungeon (8/15)
 Temple: D:4-7         Lair: D:8-11

Altars:
Cheibriados
Qazlal
Trog
Vehumet

Shops:
D:2 [


Innate Abilities, Weirdness & Mutations

You are very small and have problems with some larger weapons.
You are too small for most types of armour.
You have supernaturally acute eyesight. (SInv)
You cover ground extremely quickly. (Speed+++)


Message History

An orc comes into view. It is wielding a +0 hand axe.
The orc closely misses you. The orc priest completely misses you.
You hit the orc.
Space bends around the orc.
You kill the orc!
Lugonu accepts your kill.
The orc warrior hits you with a +0 scimitar!!
Ouch! That really hurt!
The orc priest calls upon Beogh to heal the orc warrior.
The orc warrior's wounds heal themselves!
There is a stone staircase leading up here.
You can't go down here!
You climb upwards.
There is a stone staircase leading down here.
You start resting.
HP restored.
You climb downwards.
The orc warrior barely misses you.
The orc priest mumbles some strange prayers to Beogh against you.
Beogh smites you!
There is a stone staircase leading up here.
You hit the orc warrior but do no damage.
The orc warrior blinks!
You hit the orc warrior but do no damage.
The orc warrior blinks!
A hornet comes into view.
The orc warrior completely misses you.
You barely miss the orc warrior. You barely miss the orc warrior.
The orc warrior misses you.
You hit the orc warrior.
The orc warrior is lightly wounded.
The orc warrior blinks!
The orc warrior misses you.
You hit the orc warrior but do no damage.
The orc warrior is lightly wounded.
The orc priest calls upon Beogh to heal the orc warrior.
The orc warrior's wounds heal themselves!
You closely miss the orc warrior.
The orc warrior hits you with a +0 scimitar!
* * * LOW HITPOINT WARNING * * *
The orc priest calls down the wrath of Beogh upon you.
Beogh smites you!
You die...

#....###..# ##.
####........###...
##..#......#..#...#
#.....##..##...)...
####...#....#.......
#......o.>..........
##....<.#............
##..o....#.#..........
#....@.....##.##......
....#.ยง##..#....###.....
.y. #.. #.##....# #.....
.... ...#..... .....
.#....### #...... . ..
#...... .## #......


You could see an orc warrior and an orc priest.

Vanquished Creatures
  Pikel (D:3)
  A sky beast (D:7)
  An ogre (D:7)
  A centaur (D:7)
  A phantom (D:7)
  A kobold brigand (D:7)
  2 bullfrogs
  A jelly (D:4)
  A centaur skeleton (D:7)
  2 orc wizards (D:7)
  5 adders
  2 worms (D:2)
  3 dart slugs
  7 orcs
  4 bats
  11 endoplasms
  3 giant cockroaches
  8 goblins
  8 hobgoblins
  10 jackals
  2 quokkas
  4 ball pythons
  6 frilled lizards
  14 kobolds
  A rat (D:1)
100 creatures vanquished.

Vanquished Creatures (others)
  A kobold (D:4)
1 creature vanquished.

Grand Total: 101 creatures vanquished

Notes
Turn   | Place    | Note
-------+----------+-------------------------------------------
     0 | Abyss:1  | AmazingTV the Spriggan Abyssal Knight began the quest for
                  | the Orb.
     0 | Abyss:1  | Reached XP level 1. HP: 11/11 MP: 3/3
    39 | D:1      | Escaped the Abyss
   589 | D:1      | Found a faded altar of an unknown god.
   647 | D:1      | Reached skill level 1 in Stealth
   651 | D:1      | Reached XP level 2. HP: 12/16 MP: 4/4
   730 | D:1      | Reached skill level 1 in Short Blades
  1022 | D:1      | Reached skill level 2 in Stealth
  1126 | D:1      | Reached XP level 3. HP: 19/19 MP: 5/5
  1155 | D:1      | Reached ** piety under Lugonu
  1323 | D:2      | Reached skill level 3 in Stealth
  1751 | D:2      | Reached XP level 4. HP: 16/23 MP: 6/6
  2292 | D:2      | Found Reesocobb's Armour Boutique.
  2478 | D:3      | HP: 1/23 [orc priest/divine providence (13)]
  2796 | D:3      | Reached skill level 4 in Stealth
  2799 | D:3      | Reached XP level 5. HP: 27/27 MP: 7/7
  2846 | D:3      | Reached *** piety under Lugonu
  3088 | D:3      | Found a stormy altar of Qazlal.
  3173 | D:3      | Found a radiant altar of Vehumet.
  3530 | D:4      | Reached skill level 5 in Stealth
  3581 | D:4      | Found a bloodstained altar of Trog.
  3603 | D:4      | Noticed a lemure
  3604 | D:4      | Noticed a lemure
  3605 | D:4      | Noticed a lemure
  3837 | D:4      | HP: 1/27 [acid (4)]
  4232 | D:4      | Noticed an ogre
  4316 | D:4      | Noticed a lemure
  4318 | D:4      | Noticed Pikel
  4384 | D:3      | Killed Pikel
  4385 | D:3      | Reached skill level 5 in Short Blades
  4385 | D:3      | Reached skill level 5 in Dodging
  4385 | D:3      | Reached skill level 7 in Stealth
  4385 | D:3      | Reached XP level 6. HP: 27/32 MP: 8/8
  4385 | D:3      | Reached XP level 7. HP: 30/35 MP: 9/9
  4473 | D:4      | Found a snail-covered altar of Cheibriados.
  4486 | D:4      | You fall into a shaft and drop 3 floors!
  4822 | D:7      | Reached skill level 8 in Stealth
  4845 | D:7      | Noticed a wyvern
  4868 | D:7      | Banished a wyvern
  4869 | D:7      | Reached XP level 8. HP: 25/39 MP: 10/10
  4874 | D:7      | Reached skill level 9 in Stealth
  5695 | D:7      | Reached skill level 10 in Stealth
  5726 | D:7      | Identified the Collected Works on the Entourage and Attacks
  6082 | D:8      | Noticed a hornet
  6088 | D:8      | Killed from afar by an orc priest

Illustrated notes

Levels and vault maps discovered:
D:1:      dpeg_arrival_three_smaller_balls, layout_rooms,
          hellmonk_ecumenical_altar_prayer_group, minmay_split_cup_large
D:2:      layout_rooms, serial_shops, nicolae_shop_crystal
D:3:      layout_basic, lemuel_coloured_pillars_altar,
          nicolae_overflow_hidden_temple
D:4:      layout_basic, trog_hazing_becter, slow_altar_1, uniq_pikel,
          uniq_grinder
D:7:      layout_basic, kennysheep_donut, minmay_misc_feat_pillars
D:8:      lemuel_castle_with_subvaults [lemuel_castle_interior_carwin_1],
          layout_cave_pools, dk_yredelemnul_ordeal, serial_shops, shop,
          guppyfry_early_elven_hall

Skill      XL: |  1  2  3  4  5  6  7  8 |
---------------+-------------------------+-----
Stealth        | 1 2 3 4 7 8 10 | 10.1
Short Blades   | 1 2 3 5 6 7 |  7.0
Dodging        | 4 5 6 |  6.8
Invocations    | 2 |  2.3
Fighting       | |  2.5
Axes           | |  1.6

Action                   |  1- 3 |  4- 6 |  7- 9 || total
-------------------------+-------+-------+-------++-------
Melee: Dagger            |    89 |   125 |    86 ||   300
       Hand axe          |    12 |       |       ||    12
Throw: Throwing net      |       |     3 |       ||     3
 Stab: Sleeping          |     4 |     5 |     6 ||    15
       Distracted        |       |     1 |       ||     1
       Held in net/web   |       |     1 |       ||     1
Armor: Robe              |     6 |     4 |     1 ||    11
Dodge: Dodged            |   112 |    94 |    54 ||   260

Table legend: (Time is in decaauts)
 A = Elapsed time spent in this place.
 B = Non-inter-level travel time spent in this place.
 C = Inter-level travel time spent in this place.
 D = Time resting spent in this place.
 E = Time spent auto-exploring this place.
 F = Levels seen in this place.
 G = Mean time per level.
                   A        B        C        D        E       F      G
               +--------+--------+--------+--------+--------+-----+--------+
         Total |   4972 |   4901 |     71 |   2742 |   1348 |   7 |  710.3 |
       Dungeon |   4949 |   4878 |     71 |   2742 |   1326 |   6 |  824.8 |
         Abyss |     23 |     23 |      0 |      0 |     22 |   1 |   23.0 |
               +--------+--------+--------+--------+--------+-----+--------+

Top non-repeatable levels by time:
     D:1: 1395 daAuts
     D:7: 1248 daAuts
     D:2: 974 daAuts
     D:3: 912 daAuts
     D:4: 388 daAuts
     D:8: 30 daAuts
 Abyss:1: 23 daAuts
